 Dungeon Crawl Stone Soup version 0.30.1-11-g7821555f0a (webtiles) character file.

Game seed: 14533510833453085893

6974 NotreDorf the Protected (level 10, 0/93 HPs)
             Began as a Minotaur Fighter on Jan 4, 2024.
             Was a Priest of Makhleb.
             Slain by a kobold brigand
             ... wielding a +0 dagger
              (5 damage)
             ... on level 9 of the Dungeon.
             The game lasted 00:32:05 (7156 turns).

NotreDorf the Protected (Minotaur Fighter)          Turns: 7156, Time: 00:32:05

Health: 0/93       AC: 29    Str: 24    XL:     10   Next: 81%
Magic:  13/13      EV:  6    Int:  5    God:    Makhleb [***...]
Gold:   144        SH: 10    Dex: 11    Spells: 9/9 levels left

rFire   . . .        w - +2 flail (protect)
rCold   . . .        z - +0 kite shield
rNeg    . . .        p - +0 plate armour
rPois   +            (helmet restricted)
rElec   .            (no cloak)
rCorr   .            u - +1 pair of gloves
SInv    .            r - +0 pair of boots
Will    .....        (no amulet) Stlth
                     n - +4 ring of protection
HPRegen 0.35/turn    b - ring of poison resistance
MPRegen 0.13/turn

%: no passive effects
@: under a protective aura, studying Unarmed Combat
A: horns 2, retaliatory headbutt
a: Renounce Religion, Minor Destruction, Lesser Servant of Makhleb


You were on level 9 of the Dungeon.
You worshipped Makhleb.
Makhleb was most pleased with you.
You visited 2 branches of the dungeon, and saw 10 of its levels.

You collected 460 gold pieces.
You spent 316 gold pieces at shops.

Inventory:

Hand Weapons
 v - a +2 mace of holy wrath
 w - a +2 flail of protection (weapon)
Missiles
 l - 50 stones (quivered)
Armour
 p - a +0 plate armour (worn)
 r - a +0 pair of boots (worn)
 u - a +1 pair of gloves (worn)
 z - a +0 kite shield (worn)
Magical Staves
 B - a staff of fire
Jewellery
 b - a ring of poison resistance (right hand)
 i - a ring of flight
 n - a +4 ring of protection (left hand)
 y - a +4 ring of protection
 A - a ring of resist corrosion
 C - an amulet of guardian spirit
Wands
 c - a wand of polymorph (11)
 f - a wand of paralysis (22)
 q - a wand of iceblast (1)
Scrolls
 a - a scroll of silence
 d - a scroll of magic mapping
 g - 3 scrolls of teleportation
 m - a scroll of enchant weapon
Potions
 j - 5 potions of curing
 o - 3 potions of ambrosia
 t - 3 potions of cancellation
Miscellaneous
 D - a phantom mirror


   Skills:
 + Level 9.9 Fighting
 + Level 9.4 Maces & Flails
 + Level 10.0 Armour
 + Level 9.9 Shields
 + Level 6.4 Invocations


You had 9 spell levels left.
You didn't know any spells.
Your spell library contained the following spells:

 Spells                   Type           Power      Damage    Failure   Level
 Beastly Appendage        Tmut           0%         N/A       100%        1
 Cigotuvi's Dreadful Rot  Necr/Pois/Air  0%         N/A       100%        2
 Wereblood                Tmut           0%         N/A       100%        2
 Ignite Poison            Fire/Tmut/Pois 0%         N/A       100%        3
 Spider Form              Tmut/Pois      0%         N/A       100%        3
 Dispel Undead            Necr           0%         3d6       100%        4
 Sticky Flame             Conj/Fire      0%         2d3       100%        4
 Death Channel            Necr           0%         N/A       100%        6
 Malign Gateway           Summ/Tloc      0%         N/A       100%        7
 Ignition                 Fire           0%         3d3       100%        8
 Summon Horrible Things   Summ           0%         N/A       100%        8


Dungeon Overview and Level Annotations

Branches:
Dungeon (9/15)             Temple (1/1) D:6
   Lair: D:8-11         Orc: D:9-12

Altars:
Elyvilon
Gozag
Hepliaklqana
Makhleb
Nemelex Xobeh
Qazlal
Wu Jian
Zin

Shops:
D:1 !   D:7 =

Annotations:
D:6 2 runed translucent doors


Innate Abilities, Weirdness & Mutations

You have a pair of horns on your head.
You reflexively headbutt those who attack you in melee.


Message History

The orc shouts!
You block the kobold's attack. x2; You block the kobold brigand's attack.
You closely miss the kobold. Your headbutt misses the kobold.
The wyvern hisses menacingly.
The wyvern closely misses you. You furiously retaliate!
You headbutt the wyvern! You block the wyvern's attack.
The kobold barely misses you. You furiously retaliate!
You headbutt the kobold, but do no damage.
The kobold hits you but does no damage.
The kobold brigand hits you but does no damage.
An orc warrior comes into view. It is wielding a +0 short sword.
The kobold hits you but does no damage.
The orc warrior shouts!
You sock the kobold!
You kill the kobold!
Makhleb accepts your kill.
You hear a shout!
You hear a bellow!
A killer bee comes into view.
The wyvern barely misses you. You block the kobold's attack.
The kobold hits you but does no damage.
A kobold brigand comes into view.
It is wielding a +0 whip and quivering poisoned darts.
The kobold brigand hits you but does no damage.
An orc comes into view. It is wielding a +0 short sword.
You block the wyvern's attack.
As you read the scroll of fog, it crumbles to dust.
The scroll dissolves into smoke.
The killer bee buzzes angrily.
The kobold brigand shouts!
You hear an angry buzzing noise.
A killer bee comes into view.
You block the wyvern's attack. The orc barely misses you.
The kobold hits you with a +0 short sword.
* * * LOW HITPOINT WARNING * * *
You block the kobold's attack.
The kobold brigand hits you but does no damage.
You hear a bellow!
You barely miss the orc. The wyvern bites you!
* * * LOW HITPOINT WARNING * * *
You block the orc's attack. The kobold hits you but does no damage.
The kobold brigand hits you with a +0 dagger.
You die...

.. #.. . .. ##.
##.. #.K##..
...... .
##o.#####....
#§§K§<.......
#.Ko#...#....
#§K@#...# .
#§§KlK.....
.(...§#oY.....
........#....o...
.......##...o....
......# #........
...... ...y
...... ♣...


You could see a wyvern, a kobold brigand, 2 orcs and 4 kobolds.

Vanquished Creatures
  A two-headed ogre (D:8)
  A gargoyle (D:8)
  Maggie (D:8)
  3 trolls
  Sigmund (D:5)
  4 yaks
  Eustachio (D:5)
  A steam dragon (D:7)
  Edmund (D:5)
  An acid dragon (D:8)
  A water moccasin (D:4)
  4 black bears
  A sky beast (D:7)
  2 ice beasts (D:7)
  6 ogres
  5 centaurs
  A phantom (D:4)
  4 kobold brigands
  Blork the orc (D:5)
  6 bullfrogs
  4 scorpions
  A gnoll sergeant (D:7)
  9 wights
  A killer bee (D:7)
  3 howler monkeys
  2 hounds (D:5)
  2 orc priests (D:8)
  An iguana (D:6)
  A sleepcap (D:7)
  Natasha (twice) (D:2)
  4 orc wizards
  7 adders
  8 gnolls
  2 shadow imps
  An ufetubus (D:4)
  3 dart slugs
  17 orcs
  10 ball pythons
  5 bats
  5 endoplasms
  4 giant cockroaches
  7 hobgoblins
  2 jackals (D:2)
  14 kobolds
  3 quokkas
  A frilled lizard (D:3)
  5 goblins
  9 rats
179 creatures vanquished.

Vanquished Creatures (others)
  An orc (D:8)
  A kobold (D:8)
2 creatures vanquished.

Grand Total: 181 creatures vanquished

Notes
Turn   | Place    | Note
-------+----------+-------------------------------------------
     0 | D:1      | NotreDorf the Minotaur Fighter began the quest for the Orb.
     0 | D:1      | Reached XP level 1. HP: 19/19 MP: 0/0
   134 | D:1      | Reached XP level 2. HP: 27/27 MP: 1/1
   492 | D:1      | Found Ydepehau's Distillery.
   500 | D:1      | Bought a potion of curing for 36 gold pieces
   775 | D:2      | Reached skill level 4 in Armour
   899 | D:2      | Reached XP level 3. HP: 33/33 MP: 2/2
  1137 | D:2      | Noticed Natasha
  1142 | D:2      | Killed Natasha
  1143 | D:2      | Reached XP level 4. HP: 39/41 MP: 3/3
  1591 | D:2      | Noticed Natasha
  1605 | D:2      | Killed Natasha
  2167 | D:4      | Found a glowing silver altar of Zin.
  2194 | D:4      | Noticed a black bear
  2201 | D:4      | Killed a black bear
  2202 | D:4      | Reached skill level 5 in Fighting
  2202 | D:4      | Reached skill level 5 in Armour
  2202 | D:4      | Reached XP level 5. HP: 42/48 MP: 4/4
  2204 | D:4      | Reached skill level 5 in Shields
  2299 | D:4      | Noticed an ogre
  2304 | D:4      | Killed an ogre
  2305 | D:4      | Reached XP level 6. HP: 35/56 MP: 5/5
  2415 | D:4      | Noticed a water moccasin
  2425 | D:4      | Reached skill level 5 in Maces & Flails
  2425 | D:4      | Reached XP level 7. HP: 51/62 MP: 6/6
  2524 | D:4      | Found a burning altar of Makhleb.
  2529 | D:4      | Became a worshipper of Makhleb the Destroyer
  2640 | D:4      | Reached skill level 6 in Armour
  3169 | D:5      | Entered Level 5 of the Dungeon
  3237 | D:5      | Noticed Blork the orc
  3247 | D:5      | Killed Blork the orc
  3248 | D:5      | Reached skill level 1 in Invocations
  3277 | D:5      | Noticed Sigmund
  3296 | D:5      | Killed Sigmund
  3297 | D:5      | Reached XP level 8. HP: 51/71 MP: 8/8
  3368 | D:5      | Noticed Edmund
  3380 | D:5      | Killed Edmund
  3647 | D:5      | Found a white marble altar of Elyvilon.
  3731 | D:5      | Noticed Eustachio
  3747 | D:5      | Killed Eustachio
  3748 | D:5      | Reached skill level 7 in Armour
  3929 | D:5      | Reached * piety under Makhleb
  4041 | D:5      | Found a sparkling altar of Nemelex Xobeh.
  4205 | D:6      | Found a staircase to the Ecumenical Temple.
  4213 | Temple   | Entered the Ecumenical Temple
  4347 | D:6      | Noticed a troll
  4347 | D:6      | Noticed a troll
  4360 | D:6      | Killed a troll
  4372 | D:6      | Killed a troll
  4373 | D:6      | Reached XP level 9. HP: 55/80 MP: 10/10
  4660 | D:6      | Reached skill level 8 in Armour
  4801 | D:6      | Found a runed translucent door.
  4808 | D:6      | Found a runed translucent door.
  5551 | D:7      | Reached ** piety under Makhleb
  5565 | D:7      | Reached skill level 5 in Invocations
  5711 | D:7      | Reached XP level 10. HP: 90/90 MP: 12/12
  5759 | D:7      | Reached skill level 9 in Armour
  5936 | D:7      | Found Zunuhur's Jewellery Shoppe.
  5953 | D:7      | Bought a ring of resist corrosion for 280 gold pieces
  6087 | D:7      | Found an ornate altar of the Wu Jian Council.
  6681 | D:7      | Found a stormy altar of Qazlal.
  6806 | D:8      | Found an opulent altar of Gozag.
  6826 | D:8      | Found a hazy altar of Hepliaklqana.
  6830 | D:8      | Noticed Maggie
  6843 | D:8      | Killed Maggie
  6992 | D:8      | Reached *** piety under Makhleb
  7071 | D:8      | Noticed a two-headed ogre
  7090 | D:8      | Killed a two-headed ogre
  7110 | D:8      | Noticed a gargoyle
  7116 | D:8      | Noticed a boulder beetle
  7124 | D:8      | Killed a gargoyle
  7125 | D:8      | Reached skill level 10 in Armour
  7156 | D:9      | Slain by a kobold brigand

Illustrated notes

Levels and vault maps discovered:
D:1:      wander_arrival_fairy_ring, layout_loops_ring, serial_shops, shop
D:2:      layout_loops_corners, uniq_natasha
D:3:      layout_rooms
D:4:      layout_gridville, pf_just_have_faith, lightli_temple_of_fire,
          minmay_circle_x
D:5:      layout_basic, lemuel_round_altar, general_overflow_altar,
          nicolae_hexahallways, uniq_sigmund, uniq_edmund, uniq_blork_the_orc,
          uniq_eustachio
D:6:      lemuel_insect_pit, layout_loops_corners, minmay_temple_entry_trees,
          corexii_leaking_fountain, grunt_decor_fettered, minmay_manual_moon
D:7:      minmay_octagon_keep, layout_basic, mainiacjoe_overflow_swirl,
          serial_shops, shop
D:8:      hangedman_cross_veins, layout_cave_pools, mainiacjoe_overflow_paths,
          grunt_gozag_statues, uniq_maggie
D:9:      layout_cave_pools, okawaru_humans,
          mainiacjoe_overflow_six_doors_small, minmay_lair_entry_grove,
          orc_0_dummy, uniq_joseph
Temple:   jpeg_temple_alley_garden

Skill      XL: |  1  2  3  4  5  6  7  8  9 10 |
---------------+-------------------------------+-----
Fighting       | 4 5 6 7 8 9 |  9.9
Armour         | 4 5 6 7 8 10 | 10.0
Shields        | 4 5 6 7 8 9 |  9.9
Maces & Flails | 3 4 5 7 8 9 |  9.4
Invocations    | 1 3 5 6 |  6.4

Action                     |  1- 3 |  4- 6 |  7- 9 | 10-12 || total
---------------------------+-------+-------+-------+-------++-------
  Melee: Flail             |    51 |    98 |   235 |   158 ||   542
         Headbutt          |    12 |    11 |    46 |    43 ||   112
         Mace              |       |       |    30 |    24 ||    54
  Throw: Stone             |       |       |     7 |       ||     7
    Use: Potion            |       |     1 |     2 |     3 ||     6
         Scroll            |       |       |    15 |     5 ||    20
 Armour: Scale mail        |    22 |       |       |       ||    22
         Chain mail        |       |    52 |   184 |       ||   236
         Plate armour      |       |       |       |   134 ||   134
  Dodge: Dodged            |     9 |    39 |    85 |    52 ||   185
  Block: Buckler           |     8 |    18 |    53 |       ||    79
         Kite shield       |       |       |    71 |   111 ||   182
